 Dungeon Crawl Stone Soup version 0.29-a0-284-gf9362112df (webtiles) character file.

Game seed: 3975989618526316179

5903 soylentgreeen202 the Unseen (level 10, -4/88 HPs)
             Began as a Naga Delver on Mar 29, 2022.
             Was a Priest of Dithmenos.
             Slain by a black mamba (shapeshifter) (11 damage)
             ... on level 9 of the Dungeon.
             The game lasted 01:09:23 (11435 turns).

soylentgreeen202 the Unseen (Naga Delver)          Turns: 11435, Time: 01:09:23

Health: -4/88      AC:  7    Str: 15    XL:     10   Next: 82%
Magic:  10/10      EV: 12    Int: 13    God:    Dithmenos [***...]
Gold:   355        SH:  7    Dex: 19    Spells: 9/9 levels left

rFire   + . .      SeeInvis +   m - +8 rapier "Leiger" {chaos, Int+3 Dex+2}
rCold   . . .      Faith    .   s - +1 buckler
rNeg    . . .      Spirit   .   j - +0 robe of the Bouncing Songs {Rampage rElec}
rPois   +          Reflect  .   u - +1 helmet
rElec   +          Harm     .   A - +0 cloak
rCorr   .          Rampage  +   (no gloves)
Will    +....                   (no barding)
Stlth   +++++++++.              (no amulet)
HPRegen 0.24/turn               d - ring of protection from fire
MPRegen 0.12/turn               (no ring)

@: wreathed by umbra, very slow
A: AC +3, large, see invisible, deformed body, poison resistance, slowness 2,
spit poison 1, naga tail 1
a: Spit Poison, Renounce Religion, Shadow Step


You were on level 9 of the Dungeon.
You worshipped Dithmenos.
Dithmenos was most pleased with you.
You visited 2 branches of the dungeon, and saw 12 of its levels.

You collected 388 gold pieces.
You spent 33 gold pieces at shops.

Inventory:

Hand Weapons
 a - a +0 short sword
 h - a +0 triple crossbow
 i - a +0 dagger
 k - a +5 dagger of electrocution
 m - the +8 rapier "Leiger" (weapon) {chaos, Int+3 Dex+2}
   (You took it off a kobold brigand on level 7 of the Dungeon)

   Each time it hits an enemy it has a different, random effect.
   Int:       It affects your intelligence (+3).
   Dex:       It affects your dexterity (+2).
 B - the +7 hunting sling of Atomut {vorpal, rElec rPois Will+}
   (You found it on level 6 of the Dungeon)

   Any ammunition fired from it inflicts extra damage upon your enemies.
   rElec:     It insulates you from electricity.
   rPois:     It protects you from poison.
   Will:      It increases your willpower.
 E - a +4 long sword
Missiles
 f - 322 stones
 p - 2 throwing nets
 t - 26 poisoned darts
 H - 4 curare-tipped darts (quivered)
Armour
 b - a +0 leather armour
 g - +0 acid dragon scales
 j - the +0 robe of the Bouncing Songs (worn) {Rampage rElec}
   (You found it on level 3 of the Dungeon)

   rElec:     It insulates you from electricity.
   Rampage:   It bestows one free step when moving towards enemies.
 s - a +1 buckler (worn)
 u - a +1 helmet (worn)
 A - a +0 cloak (worn)
 K - a +1 scale mail of poison resistance
Jewellery
 d - a ring of protection from fire (left hand)
 o - a ring of wizardry
Wands
 r - a wand of iceblast (16)
Scrolls
 l - 4 scrolls of identify
 w - a scroll of amnesia
 y - a scroll of fog
 I - 2 scrolls of silence
 J - 2 scrolls of holy word
Potions
 e - 2 potions of resistance
 n - 2 potions of curing
 v - a potion of magic {unknown}
 x - 2 potions of flight {unknown}
 z - 2 potions of mutation {unknown}
 C - a potion of brilliance {unknown}
 D - a potion of lignification {unknown}
 F - a potion of degeneration {unknown}


   Skills:
 - Level 5.0 Fighting
 - Level 10.0 Short Blades
 - Level 0.1 Armour
 + Level 4.6 Dodging
 - Level 16.0 Stealth
 - Level 4.0 Shields


You had 9 spell levels left.
You didn't know any spells.
Your spell library contained the following spells:

 Spells                   Type           Power      Damage    Failure   Level
 Animate Skeleton         Necr           0%         N/A       36%         1
 Pain                     Necr           0%         1d4       36%         1
 Slow                     Hex            0%         N/A       36%         1
 Static Discharge         Conj/Air       0%         N/A       50%         2
 Confusing Touch          Hex            0%         N/A       75%         3
 Vampiric Draining        Necr           0%         2d6       75%         3
 Animate Armour           Summ/Erth      0%         N/A       98%         4
 Blade Hands              Tmut           0%         N/A       100%        5
 Lightning Bolt           Conj/Air       0%         1d11      100%        5
 Iron Shot                Conj/Erth      0%         9d1       100%        6
 Maxwell's Capacitive Co  Air            0%         ∞         100%        8


Dungeon Overview and Level Annotations

Branches:
Dungeon (11/15)            Temple (1/1) D:6            Lair (0/6) D:10
    Orc (0/2) D:9

Altars:
Cheibriados
Dithmenos
Elyvilon
Fedhas
Hepliaklqana
Kikubaaqudgha
Okawaru
Uskayaw
Vehumet
Wu Jian
Xom
Yredelemnul
Zin

Shops:
D:6 *

Annotations:
D:5 Sigmund
D:9 1 runed translucent door


Innate Abilities, Weirdness & Mutations

Your serpentine skin is tough. (AC +3)
You have supernaturally acute eyesight. (SInv)
Armour fits poorly on your strangely shaped body.
Your system is resistant to poisons. (rPois)
You cover ground very slowly.
You can spit poison.
You have a snake-like lower body.


Message History

Press: ? - help, Q - select action, (/) - cycle Shift-Dir - straight line, f/p - guardian serpent
Aim: a guardian serpent shaped shifter (lightly wounded, umbra, 50% to hit)
You throw a curare-tipped dart.
The curare-tipped dart hits the guardian serpent.
The guardian serpent is lightly wounded.
The guardian serpent closely misses you.
Throw: 5 darts (curare)
Press: ? - help, Q - select action, (/) - cycle Shift-Dir - straight line, f/p - guardian serpent
Aim: a guardian serpent shaped shifter (lightly wounded, umbra, 50% to hit)
You throw a curare-tipped dart.
The curare-tipped dart misses the guardian serpent.
The curare-tipped dart hits the yak.
The yak is poisoned.
The yak convulses.
The yak seems to slow down.
The yak is lightly wounded.
You block the guardian serpent's attack.
The guardian serpent hits you!
* * * LOW HITPOINT WARNING * * *
You puncture the guardian serpent! You burn the guardian serpent.
The guardian serpent is severely wounded.
You have got your breath back.
The guardian serpent closely misses you.
You closely miss the guardian serpent.
The guardian serpent is severely wounded.
The guardian serpent hits you.
* * * LOW HITPOINT WARNING * * *
You miss the guardian serpent.
The guardian serpent is severely wounded.
The guardian serpent changes into a black mamba!
Okay, then.
You don't know any spells.
Unknown command.
Okay, then.
You closely miss the black mamba.
The black mamba is moderately wounded.
You miss the black mamba.
The black mamba is moderately wounded.
The black mamba bites you.
* * * LOW HITPOINT WARNING * * *
The black mamba bites you!
You die...

.# ##########'##
#####'###### ## ###...#
#...# #...### #.###
####.#### ###.########
#.......# #..).......# ##
#.......# #..........# .#
#.......# #.....)....# .#
###.......#####.)........#
.#
#.........YS@.##..........#
.#
#.##.......##.##..........#
.# .
#.......##.............# .+
#####Y#######..........# .#
##..# #..........# ##
##..## #######...## ###..##
.### #...## . ##'#######


You could see a black mamba shaped shifter and 2 yaks.

Vanquished Creatures
  A two-headed ogre (D:9)
  A troll (D:9)
  A hornet (D:9)
  A wraith (D:9)
  A shadow (D:10)
  4 yaks
  A steam dragon (D:9)
  An acid dragon (D:10)
  2 ice beasts (D:6)
  2 orc warriors
  A centaur (D:7)
  An ogre (D:4)
  A phantom (D:6)
  5 kobold brigands
  2 bullfrogs
  A wyvern zombie (D:6)
  6 necrophages
  2 water moccasin zombies (D:6)
  A scorpion (D:7)
  6 wights
  3 killer bees (D:6)
  2 electric eels (D:8)
  A howler monkey (D:8)
  2 centaur zombies (D:6)
  A human zombie (D:6)
  6 jellies
  An orc priest (D:7)
  2 hounds
  Crazy Yiuf (D:2)
  An iguana (D:7)
  8 orc wizards
  2 killer bee zombies (D:6)
  A howler monkey zombie (D:6)
  9 gnolls
  5 adders
  2 shadow imps (D:7)
  A white imp (D:6)
  2 ufetubi (D:5)
  A worm (D:4)
  2 dart slugs
  31 orcs
  5 bats
  6 endoplasms
  A giant cockroach (D:4)
  5 goblins
  9 hobgoblins
  3 jackals
  19 kobolds
  3 quokkas
  13 ball pythons
  2 frilled lizards
  6 rats
197 creatures vanquished.

Vanquished Creatures (collateral kills)
  4 yaks (D:10)
4 creatures vanquished.

Vanquished Creatures (others)
  2 plants (D:8)
2 creatures vanquished.

Grand Total: 203 creatures vanquished

Notes
Turn   | Place    | Note
-------+----------+-------------------------------------------
     0 | D:5      | soylentgreeen202 the Naga Delver began the quest for the
                  | Orb.
     0 | D:5      | Reached XP level 1. HP: 21/21 MP: 1/1
    10 | D:5      | Noticed an orc wizard
    36 | D:5      | Killed an orc wizard
    37 | D:5      | Reached skill level 8 in Stealth
    37 | D:5      | Reached XP level 2. HP: 9/28 MP: 2/2
    37 | D:5      | Reached XP level 3. HP: 11/34 MP: 3/3
   255 | D:6      | Noticed a necrophage
   338 | D:5      | Noticed Sigmund
   415 | D:7      | Noticed a killer bee
   415 | D:7      | Noticed a killer bee
   415 | D:7      | Noticed an ice beast
   415 | D:7      | Noticed a killer bee
   607 | D:6      | Found a staircase to the Ecumenical Temple.
   656 | D:6      | Found a glowing silver altar of Zin.
   662 | Temple   | Entered the Ecumenical Temple
   709 | Temple   | Became a worshipper of Dithmenos the Shadowed
   786 | D:6      | Noticed a necrophage
  1698 | D:4      | Reached skill level 9 in Stealth
  1698 | D:4      | Reached XP level 4. HP: 12/40 MP: 4/4
  1956 | D:3      | Identified the +0 robe of the Bouncing Songs {Rampage
                  | rElec}
  2774 | D:1      | Reached * piety under Dithmenos
  2870 | D:1      | Found a faded altar of an unknown god.
  2959 | D:1      | Reached XP level 5. HP: 49/49 MP: 5/5
  3745 | D:2      | Found a runed translucent door.
  3746 | D:2      | Noticed Crazy Yiuf
  3755 | D:2      | Killed Crazy Yiuf
  4179 | D:3      | Reached XP level 6. HP: 50/56 MP: 6/6
  4743 | D:3      | Reached skill level 5 in Short Blades
  4761 | D:4      | Reached ** piety under Dithmenos
  5068 | D:4      | Found an ancient bone altar of Kikubaaqudgha.
  6029 | D:5      | Reached skill level 1 in Shields
  6029 | D:5      | Reached XP level 7. HP: 48/62 MP: 7/7
  6862 | D:6      | Identified the +7 hunting sling of Atomut {vorpal, rElec
                  | rPois Will+}
  7032 | D:6      | Reached XP level 8. HP: 69/69 MP: 8/8
  7262 | D:6      | Found a basalt altar of Yredelemnul.
  7333 | D:6      | Found Veetat's General Store.
  7338 | D:6      | Bought a potion of curing for 33 gold pieces
  7625 | D:6      | Reached *** piety under Dithmenos
  7836 | D:6      | Reached XP level 9. HP: 41/75 MP: 9/9
  8133 | D:7      | Identified the +8 rapier "Leiger" {chaos, Int+3 Dex+2}
  8308 | D:7      | Reached skill level 10 in Short Blades
  8376 | D:7      | Found a white marble altar of Elyvilon.
  8397 | D:7      | Found a large runed translucent door.
  8400 | D:7      | Found a large runed translucent door.
  8403 | D:7      | Found a shimmering altar of Xom.
  8443 | D:7      | Reached skill level 10 in Stealth
  8557 | D:7      | Found an iron altar of Okawaru.
  8608 | D:7      | Reached skill level 11 in Stealth
  9269 | D:7      | Reached skill level 12 in Stealth
  9481 | D:8      | You fall into a shaft and drop 3 floors!
  9562 | D:10     | Entered Level 10 of the Dungeon
  9599 | D:10     | Reached skill level 13 in Stealth
  9606 | D:10     | Reached skill level 14 in Stealth
  9608 | D:10     | Reached XP level 10. HP: 61/84 MP: 10/10
  9609 | D:10     | Reached skill level 15 in Stealth
  9698 | D:9      | Noticed a two-headed ogre
  9748 | D:8      | Reached **** piety under Dithmenos
 10637 | D:9      | Found a staircase to the Orcish Mines.
 10679 | D:9      | Reached skill level 16 in Stealth
 11052 | D:9      | Killed a two-headed ogre
 11334 | D:9      | Found a runed translucent door.
 11400 | D:9      | Reached skill level 5 in Fighting
 11427 | D:9      | Noticed a guardian serpent
 11427 | D:9      | a shapeshifter changed into a guardian serpent
 11433 | D:9      | Noticed a black mamba
 11433 | D:9      | a guardian serpent changed into a black mamba
 11435 | D:9      | Slain by a black mamba (shapeshifter)

Illustrated notes

Levels and vault maps discovered:
D:1:      dpeg_arrival_three_same_balls, layout_basic,
          shapermc_ecumenical_altar_pompeii
D:2:      minmay_wonky_spiral, layout_basic, minmay_tiny_reverse_x,
          uniq_crazy_yiuf_cottage
D:3:      layout_loops_cross
D:4:      layout_basic, nicolae_kikubaaqudgha_miasma_corner, grunt_ministairs_11
D:5:      layout_basic, uniq_sigmund
D:6:      layout_cave_pods, lemuel_mausoleum_altar_yredelemnul,
          mainiacjoe_overflow_boulevard, minmay_temple_entry_statues_pillars,
          serial_shops, kennysheep_little_box
D:7:      due_chaos_kobolds, layout_rooms, mainiacjoe_overflow_paths,
          nicolae_elyvilon_peaceful_grove, hangedman_minor_gate_pass
D:8:      layout_loops_ring, minivault_4, serial_bayou_crossing
D:9:      layout_roguey, kennysheep_mini_moat,
          gammafunk_temple_overflow_elements, david_orc_2,
          ebering_ghost_inner_flame
D:10:     layout_gridville, lightli_temple_of_fire,
          grunt_lair_entry_orc_guard_hut
D:11:     layout_layer_cave
Temple:   oiseaux_autumnal_temple

Skill      XL: |  1  2  3  4  5  6  7  8  9 10 |
---------------+-------------------------------+-----
Stealth        | 8 9 14 16 | 16.0
Dodging        | 2 4 |  4.6
Short Blades   | 3 4 6 9 10 | 10.0
Shields        | 1 4 |  4.0
Fighting       | 5 |  5.0
Armour         | |  0.1

Action                   |  1- 3 |  4- 6 |  7- 9 | 10-12 || total
-------------------------+-------+-------+-------+-------++-------
Melee: Short sword       |    30 |     6 |       |       ||    36
       Dagger            |       |   123 |   152 |       ||   275
       Punch             |       |     1 |       |       ||     1
       Rapier            |       |       |    64 |    86 ||   150
Throw: Dart              |       |       |     1 |     2 ||     3
Invok: Shadow Step       |       |       |       |     1 ||     1
 Abil: Spit Poison       |    10 |    23 |     9 |     6 ||    48
Evoke: Wand              |       |       |     3 |       ||     3
  Use: Scroll            |     3 |     9 |     4 |     5 ||    21
       Potion            |     1 |       |     2 |     1 ||     4
 Stab: Sleeping          |     1 |    29 |    29 |     9 ||    68
       Distracted        |       |     2 |       |     1 ||     3
       Invisible         |       |       |     3 |       ||     3
Armor: Leather armour    |     4 |       |       |       ||     4
       Robe              |       |    30 |    45 |     7 ||    82
Dodge: Dodged            |    24 |    39 |    54 |    25 ||   142
Block: Buckler           |       |     8 |    34 |    15 ||    57

Table legend: (Time is in decaauts)
 A = Elapsed time spent in this place.
 B = Non-inter-level travel time spent in this place.
 C = Inter-level travel time spent in this place.
 D = Time resting spent in this place.
 E = Time spent auto-exploring this place.
 F = Levels seen in this place.
 G = Mean time per level.
                   A        B        C        D        E       F      G
               +--------+--------+--------+--------+--------+-----+--------+
         Total |  14117 |  13321 |    796 |   3545 |   4573 |  12 | 1176.4 |
       Dungeon |  13996 |  13200 |    796 |   3545 |   4563 |  11 | 1272.4 |
        Temple |    120 |    120 |      0 |      0 |      9 |   1 |  120.0 |
               +--------+--------+--------+--------+--------+-----+--------+

Top non-repeatable levels by time:
     D:6: 2725 daAuts
     D:4: 1973 daAuts
     D:2: 1500 daAuts
     D:7: 1500 daAuts
     D:8: 1427 daAuts
     D:5: 1384 daAuts
     D:3: 1293 daAuts
     D:9: 1030 daAuts
     D:1: 963 daAuts
  Temple: 120 daAuts
    D:11: 111 daAuts
    D:10: 84 daAuts
